 Dungeon Crawl Stone Soup version 0.19.1 (webtiles) character file.

435 LORDOFBUTT the Chopper (level 7, -1/52 HPs)
             Began as a Formicid Fighter on Dec 23, 2016.
             Slain by an adder (4 damage)
             ... in a sewer.
             The game lasted 00:05:56 (3754 turns).

LORDOFBUTT the Chopper (Formicid Fighter)           Turns: 3754, Time: 00:05:57

Health: -1/52      AC:  6    Str: 25    XL:     7   Next: 21%
Magic:  7/7        EV:  8    Int:  8    God:
Gold:   155        SH: 10    Dex: 12    Spells: 0 memorised, 6 levels left

rFire  . . .     SeeInvis +     a - +0 war axe
rCold  . . .     Gourm    .     b - +0 scale mail
rNeg   . . .     Faith    .     c - +0 shield
rPois  .         Spirit   .     (helmet unavailable)
rElec  .         Reflect  .     (no cloak)
rCorr  .         Harm     .     (no gloves)
MR     .....                    (no boots)
Stlth  ..........               (no amulet)
                                (no ring)
                                (no ring)

@: mighty, lethally poisoned (-1 -> -12)
A: permanent stasis, dig shafts and tunnels, four strong arms, antennae 3
a: Dig, Shaft Self


You were in a sewer.
You were not hungry.

You visited 1 branch of the dungeon, and saw 3 of its levels.
You also visited: Sewer.

You collected 155 gold pieces.

Inventory:

Hand Weapons
 a - a +0 war axe (weapon)
Armour
 b - a +0 scale mail (worn)
 c - a +0 shield (worn)
 w - a +0 pair of gloves
Jewellery
 s - an uncursed ring of protection from fire {unknown}
 v - an uncursed ring of positive energy {unknown}
Scrolls
 e - 3 scrolls of fear {unknown}
 g - 3 scrolls of magic mapping {unknown}
 h - 5 scrolls of amnesia {unknown}
 i - 2 scrolls of identify {unknown}
 m - 2 scrolls of remove curse {unknown}
 q - a scroll of enchant armour {unknown}
 r - 2 scrolls of teleportation {unknown}
 x - a scroll of fog {unknown}
 y - a scroll of blinking {unknown}
Potions
 j - 2 potions of heal wounds {unknown}
 k - a potion of agility {unknown}
 l - 2 potions of haste
 o - a potion of flight {unknown}
 p - 2 potions of curing {unknown}
 u - a potion of magic {unknown}
 z - a potion of degeneration {unknown}
 A - a potion of lignification {unknown}
Comestibles
 f - 3 bread rations
 n - a meat ration
 t - a royal jelly


   Skills:
 - Level 3.4 Fighting
 * Level 5.9(6.0) Axes
   Level 1.2(3.9) Polearms
 - Level 3.5 Armour
 + Level 5.5 Shields


You had 6 spell levels left.
You didn't know any spells.

Dungeon Overview and Level Annotations

Branches:
Dungeon (3/15)

Altars:


Innate Abilities, Weirdness & Mutations

You are under a permanent stasis effect.
You can dig through walls and to a lower floor.
Your four strong arms can wield two-handed weapons with a shield.
You have a pair of large antennae on your head. (SInv)


Message History

The ball python grabs you. The ball python constricts you.
Unknown command.
You closely miss the bullfrog. You miss the adder. You closely miss the adder.
You hit the ball python.
You kill the ball python!
You barely miss the adder. You slash the adder!
* * * LOW HITPOINT WARNING * * *
You feel sick. The bullfrog hits you.
* * * LOW HITPOINT WARNING * * *
The adder barely misses you. You block the adder's attack. x2
The adder closely misses you. You block the bullfrog's attack.
The adder bites you.
* * * LOW HITPOINT WARNING * * *
You are more poisoned.
The adder poisons you! You block the adder's attack.
The adder bites you but does no damage.
It was a potion of haste.
Your stasis keeps you stable.
* * * LOW HITPOINT WARNING * * *
You feel sick. The adder bites you.
You die...

#####################
...≈≈≈≈≈≈F≈≈≈≈≈≈≈≈#.###
..≈≈≈≈≈≈FSS≈≈≈≈≈≈≈....##
..≈≈≈≈≈≈#@≈≈≈≈≈≈≈≈≈....#
..≈≈≈≈≈SSS≈≈≈≈≈≈≈≈≈....#
..≈≈≈≈≈≈≈l≈≈≈≈≈≈≈≈.....##
...≈≈≈≈≈≈≈≈≈≈≈≈≈≈≈......#
####################....#
####...## #..#....#
#..'....# #####...#


You could see 2 bullfrogs, 5 adders and a frilled lizard.

Vanquished Creatures
  The ghost of HankAaron2332 the Sneak, an amateur SpEE (D:3)
  Jessica (D:2)
  Natasha (twice) (D:2)
  A worker ant (D:3)
  11 adders
  4 river rats (Sewer)
  A worm (D:2)
  3 dart slugs
  6 leopard geckos
  6 ball pythons (Sewer)
  9 bats
  7 giant cockroaches
  5 goblins
  10 hobgoblins
  4 jackals (D:2)
  A quokka (D:2)
  4 frilled lizards (D:2)
  A kobold (D:2)
  30 rats
107 creatures vanquished.

Notes
Turn   | Place    | Note
-------+----------+-------------------------------------------
     0 | D:1      | LORDOFBUTT the Formicid Fighter began the quest for the Orb.
     0 | D:1      | Reached XP level 1. HP: 18/18 MP: 1/1
   111 | D:1      | Reached XP level 2. HP: 21/24 MP: 2/2
   719 | D:1      | Reached XP level 3. HP: 29/29 MP: 3/3
  1407 | D:2      | Noticed Natasha
  1412 | D:2      | Killed Natasha
  1412 | D:2      | Reached skill level 1 in Polearms
  1412 | D:2      | Reached XP level 4. HP: 30/35 MP: 4/4
  2025 | D:2      | Noticed Jessica
  2032 | D:2      | Killed Jessica
  2032 | D:2      | Reached XP level 5. HP: 27/41 MP: 5/5
  2174 | D:2      | Noticed Natasha
  2180 | D:2      | Killed Natasha
  2684 | D:3      | Noticed HankAaron2332's ghost (amateur SpEE)
  2732 | D:3      | Killed HankAaron2332's ghost
  2732 | D:3      | Reached skill level 5 in Axes
  2732 | D:3      | Reached skill level 5 in Shields
  2732 | D:3      | Reached XP level 6. HP: 18/47 MP: 6/6
  2998 | D:3      | Found a glowing drain.
  3002 | Sewer    | Entered a sewer
  3460 | Sewer    | Reached XP level 7. HP: 40/52 MP: 7/7
  3754 | Sewer    | Slain by an adder

Skill      XL: |  1  2  3  4  5 |
---------------+----------------+-----
Axes           | 3 5 |  5.9
Polearms       | 1 |  1.2
Shields        | 4 5 |  5.5
Fighting       | |  3.4
Armour         | |  3.5

Action                   |  1- 3 |  4- 6 |  7- 9 || total
-------------------------+-------+-------+-------++-------
Melee: War axe           |    57 |   231 |    33 ||   321
       Bardiche          |    27 |    36 |       ||    63
  Use: Potion            |       |     2 |     2 ||     4
  Eat: Chunk             |     1 |     5 |       ||     6
       Bread ration      |       |     1 |       ||     1
Armor: Scale mail        |    59 |   151 |    24 ||   234
Dodge: Dodged            |    40 |   119 |    33 ||   192
Block: Shield            |    63 |   194 |    41 ||   298
